 Dungeon Crawl Stone Soup version 0.27-a0-887-gcab673c142 (webtiles) character file.

Game seed: 10558921896615175008

612 funkygono the Magician (level 7, 0/36 HPs)
             Began as a Deep Elf Fire Elementalist on Apr 3, 2021.
             Shot with an arrow by a centaur (6 damage)
             ... on level 5 of the Dungeon.
             The game lasted 00:10:22 (4376 turns).

funkygono the Magician (Deep Elf Fire Elementalist) Turns: 4376, Time: 00:10:23

Health: 0/36       AC:  9    Str:  5    XL:     7   Next: 20%
Magic:  17/18      EV: 12    Int: 22    God:
Gold:   153        SH:  0    Dex: 15    Spells: 1/18 levels left

rFire    . . .     SeeInvis .   i - +5 falchion (distort)
rCold    . . .     Faith    .   (no shield)
rNeg     + . .     Spirit   .   a - +0 robe
rPois    .         Reflect  .   j - +2 helmet
rElec    .         Harm     .   l - +1 cloak
rCorr    .         Rampage  .   n - +1 pair of gloves
Will     .....                  (no boots)
Stlth    ++........             (no amulet)
HPRegen  0.12/turn              d - ring of positive energy
MPRegen  0.16/turn              (no ring)

@: no status effects
A: no striking features
a: no special abilities


You were on level 5 of the Dungeon.
You visited 1 branch of the dungeon, and saw 5 of its levels.

You collected 153 gold pieces.

Inventory:

Hand Weapons
 f - a +0 dagger of flaming
 h - a +2 dagger of holy wrath
 i - a +5 falchion of distortion (weapon)
 m - a +4 quarterstaff of chaos
Armour
 a - a +0 robe (worn)
 j - a +2 helmet (worn)
 l - a +1 cloak (worn)
 n - a +1 pair of gloves (worn)
Jewellery
 d - a ring of positive energy (left hand)
 k - a ring of ice
Wands
 p - a wand of acid (7)
 q - a wand of mindburst (12)
Scrolls
 o - a scroll of teleportation
 r - a scroll of fog
Potions
 b - a potion of lignification
 c - 3 potions of ambrosia
 e - a potion of mutation
 g - a potion of attraction
 s - a potion of might {unknown}
 t - a potion of flight {unknown}


   Skills:
 + Level 1.4 Long Blades
 + Level 2.6 Dodging
 + Level 3.5 Stealth
 * Level 6.4 Spellcasting
 * Level 3.6 Conjurations
 * Level 6.0 Fire Magic


You had one spell level left.
You knew the following spells:

 Your Spells              Type           Power      Damage    Failure   Level
a - Foxfire               Conj/Fire      100%       2x1d9     1%          1
b - Conjure Flame         Conj/Fire      28%        6-21      3%          3
c - Inner Flame           Hex/Fire       20%        N/A       8%          3
d - Fireball              Conj/Fire      14%        3d8       32%         5
e - Summon Small Mammal   Summ           28%        N/A       9%          1
f - Sticky Flame          Conj/Fire      28%        2d5       12%         4

Your spell library contained the following spells:

 Spells                   Type           Power      Damage    Failure   Level
 Animate Skeleton         Necr           14%        N/A       9%          1
 Apportation              Tloc           14%        N/A       9%          1
 Corona                   Hex            7%         N/A       9%          1


Dungeon Overview and Level Annotations

Branches:
Dungeon (5/15)
 Temple: D:4-7

Altars:
Trog


Message History

The foxfire hits the scorpion.
You kill the scorpion!
Your Fire Magic skill increases to level 6!
Your foxfire dissipates!
Your foxfire dissipates!
Magic restored.
Found a hand axe.
q - a wand of mindburst (12)
You now have 153 gold pieces (gained 13).
Found a stone staircase leading down.
You open the door.
There is an open door here.
You open the door.
There is an open door here.
A gnoll comes into view. It is wielding a +0 spear.
The gnoll shouts!
The gnoll moves out of view.
Found a stone staircase leading down. 2 gnolls and a centaur come into view.
The gnoll shouts! x2; The centaur shouts!
The centaur wields a +0 shortbow.
The centaur shoots an arrow.
The arrow hits you!
Casting: Foxfire (safe; 1% risk of failure)
Confirm with . or Enter, or press ? or * to list all spells.
You conjure some foxfire!
The centaur shoots an arrow.
The arrow misses you.
The centaur shoots an arrow.
The arrow hits you!
Casting: Foxfire (safe; 1% risk of failure)
Confirm with . or Enter, or press ? or * to list all spells.
You conjure some foxfire!
The foxfire hits the gnoll.
The gnoll is moderately wounded.
Your foxfire dissipates!
The foxfire hits the gnoll but does no damage. x2
The centaur shoots an arrow.
The arrow misses you.
The centaur shoots an arrow.
The arrow hits you.
There is an open door here.
The centaur shoots an arrow.
The arrow hits you!
* * * LOW HITPOINT WARNING * * *
You close the door.
The centaur shoots an arrow.
The arrow hits you.
You die...

#........
###...g....
#.ggc......
#.#g# #c#.#
#.#.# #
######.#+##
.##.#....#....#
.........'@...#
#.#.#.##.#....#
#....+....#
####.#....# #
#.......###
#..#.##.##.#
.....#..##.#
#.. #......####
##>....###....#


You could see a centaur and a gnoll.

Vanquished Creatures
  A necrophage (D:3)
  A black bear (D:4)
  An ogre (D:3)
  A scorpion (D:5)
  A hound (D:4)
  Crazy Yiuf (D:2)
  An iguana (D:4)
  Natasha (twice) (D:2)
  Robin (D:2)
  5 adders
  An adder skeleton (D:4)
  2 dart slugs
  An orc (D:4)
  6 ball pythons
  6 bats
  4 endoplasms
  5 giant cockroaches
  16 goblins
  13 hobgoblins
  12 jackals
  4 quokkas
  A frilled lizard (D:1)
  4 kobolds
  7 rats
97 creatures vanquished.

Vanquished Creatures (others)
  280 foxfires
  3 fungi (D:2)
283 creatures vanquished.

Grand Total: 380 creatures vanquished

Notes
Turn   | Place    | Note
-------+----------+-------------------------------------------
     0 | D:1      | funkygono the Deep Elf Fire Elementalist began the quest
                  | for the Orb.
     0 | D:1      | Reached XP level 1. HP: 10/10 MP: 6/6
   142 | D:1      | Reached XP level 2. HP: 15/15 MP: 6/8
   529 | D:1      | Reached XP level 3. HP: 17/19 MP: 6/9
   583 | D:1      | Learned a level 3 spell: Conjure Flame
   628 | D:1      | Learned a level 3 spell: Inner Flame
  1378 | D:2      | Noticed Natasha
  1381 | D:2      | Killed Natasha
  1382 | D:2      | Reached XP level 4. HP: 24/24 MP: 6/11
  1632 | D:2      | Noticed Robin
  1641 | D:2      | Killed Robin
  2000 | D:2      | Found a bloodstained altar of Trog.
  2018 | D:2      | Found a runed translucent door.
  2019 | D:2      | Noticed Crazy Yiuf
  2036 | D:2      | Killed Crazy Yiuf
  2037 | D:2      | Reached XP level 5. HP: 8/28 MP: 5/14
  2052 | D:2      | Learned a level 5 spell: Fireball
  2439 | D:2      | Noticed Natasha
  2442 | D:2      | Killed Natasha
  2443 | D:2      | Reached skill level 1 in Long Blades
  2883 | D:3      | Noticed an ogre
  2887 | D:3      | Killed an ogre
  2888 | D:3      | Reached skill level 5 in Spellcasting
  2888 | D:3      | Reached skill level 5 in Fire Magic
  2888 | D:3      | Reached XP level 6. HP: 32/32 MP: 10/15
  3263 | D:3      | Learned a level 1 spell: Summon Small Mammal
  3962 | D:4      | Reached XP level 7. HP: 36/36 MP: 12/18
  3967 | D:4      | Learned a level 4 spell: Sticky Flame
  4289 | D:5      | Entered Level 5 of the Dungeon
  4376 | D:5      | Shot with an arrow by a centaur

Illustrated notes

Levels and vault maps discovered:
D:1:      minmay_arrival_shoal_huts, layout_basic, minivault_23
D:2:      layout_loops_cross, basic_altar, uniq_natasha, uniq_robin,
          uniq_crazy_yiuf_cottage
D:3:      layout_rooms, grunt_ministairs_11, feat_on_display
D:4:      layout_loops_corners, minivault_23, minmay_fractal_squares_5
D:5:      layout_basic, temple_hall, serial_shops, shop

Skill      XL: |  1  2  3  4  5  6  7 |
---------------+----------------------+-----
Fire Magic     | 4 5 6 |  6.0
Conjurations   | 2 3 |  3.6
Spellcasting   | 4 5 6 |  6.4
Long Blades    | 1 |  1.4
Stealth        | 3 |  3.5
Dodging        | |  2.6

Action                   |  1- 3 |  4- 6 |  7- 9 || total
-------------------------+-------+-------+-------++-------
Melee: Dagger            |     2 |       |       ||     2
       Falchion          |       |    13 |       ||    13
 Cast: Foxfire           |    62 |   100 |     6 ||   168
  Use: Scroll            |     4 |     6 |     1 ||    11
Armor: Robe              |       |     7 |       ||     7
Dodge: Dodged            |     7 |     9 |     2 ||    18
       Rpst.: Falchion   |       |     4 |       ||     4

Table legend: (Time is in decaauts)
 A = Elapsed time spent in this place.
 B = Non-inter-level travel time spent in this place.
 C = Inter-level travel time spent in this place.
 D = Time resting spent in this place.
 E = Time spent auto-exploring this place.
 F = Levels seen in this place.
 G = Mean time per level.
                   A        B        C        D        E       F      G
               +--------+--------+--------+--------+--------+-----+--------+
         Total |   4387 |   4214 |    173 |    125 |   3529 |   5 |  877.4 |
       Dungeon |   4387 |   4214 |    173 |    125 |   3529 |   5 |  877.4 |
               +--------+--------+--------+--------+--------+-----+--------+

Top non-repeatable levels by time:
     D:1: 1370 daAuts
     D:2: 1236 daAuts
     D:4: 993 daAuts
     D:3: 700 daAuts
     D:5: 86 daAuts
